cohdb
Replays
Latest Replays
All Replays
Popular Replays
Top Player Replays
Match Explorer
How It Works
Community
CoH3 Stats
Reddit
Sign in to upload your games and track your stats! →
Sign in with Steam
Match 41691227
Unlisted
Match 41691227
Overview
Messages
Build Orders
End
Construct Barracks
Riflemen Squad
1⁄4-ton 4x4 Truck
Engineer Squad
Riflemen Squad
Riflemen Squad
Infantry Support Center
Construct Motor Pool
M8 Greyhound Armored Car
Construct Medical Station
Riflemen Squad
Grenade Package
M1918 Browning Automatic Rifles
Captain Retinue
Selects Heavy Weapons
Selects Assault Carriers
Selects Exchangeable Parts
Selects Assault Carriers
Selects Exchangeable Parts
Engineer Squad
Survival Training
Demolitions Package
Riflemen Squad
Selects M26 Pershing Heavy Tank
M26 Pershing Heavy Tank
Selects M2HB .50cal Heavy Machine Gun
Selects Gallant Stand
Invincible_Irish
Grand.G
0
0
Comments
sign in to comment!
No comments posted yet!